 Dungeon Crawl Stone Soup version 0.29.1-1-gd02db69 (webtiles) character file.

Game seed: 4164447861615092864

49889 Dorkslayer the Severer (level 14, -2/124 HPs)
             Began as a Hill Orc Fighter on Oct 2, 2022.
             Was an Initiate of Gozag.
             Killed by an exploding human (30 damage)
             ... ignited by their inner flame
             ... on level 13 of the Dungeon.
             The game lasted 00:51:25 (14207 turns).

Dorkslayer the Severer (Hill Orc Fighter)          Turns: 14207, Time: 00:51:26

Health: -2/124     AC: 35    Str: 21    XL:     14   Next: 52%
Magic:  14/14      EV: 10    Int: 14    God:    Gozag
Gold:   1682       SH: 12    Dex: 11    Spells: 13/13 levels left

rFire   . . .      SeeInvis +   F - +7 broad axe of Bloody Death {venom, *Noise rN+ Int+2}
rCold   + . .      Faith    .   c - +1 buckler
rNeg    + . .      Spirit   .   L - +11 chain mail of Divine Intervention {+Blink}
rPois   +          Reflect  +   g - +0 helmet of Gafi {-Cast rPois Will+ Slay+6}
rElec   .          Harm     .   r - +1 cloak
rCorr   .          Rampage  .   A - +0 pair of gloves
Will    +++..      NoCast   +   H - +2 pair of boots of Vlad {Slay+4}
Stlth   ..........              s - amulet of reflection
HPRegen 0.30/turn               t - ring of protection from cold
MPRegen 0.14/turn               G - ring of see invisible

@: gold aura, studying Armour
A: claws 1, iridescent scales 1, clever 1, strong-willed 1
a: Renounce Religion, Evoke Blink, Potion Petition, Call Merchant, Bribe Branch


You were on level 13 of the Dungeon.
You worshipped Gozag.
Gozag was most pleased with you.
You visited 3 branches of the dungeon, and saw 16 of its levels.
You also visited: Bailey.

You collected 4809 gold pieces.
You spent 3039 gold pieces at shops.
You paid 88 gold pieces to Gozag.

Inventory:

Hand Weapons
 m - a +2 broad axe of freezing
 E - a +3 spear of flaming
 F - the +7 broad axe of Bloody Death (weapon) {venom, *Noise rN+ Int+2}
   (You bought it in a shop on level 9 of the Dungeon)

   It poisons the flesh of those it strikes.
   Int:       It affects your intelligence (+2).
   rN:        It protects you from negative energy.
   *Noise:    It may make noises in combat.
Missiles
 o - 7 boomerangs (quivered)
 w - 6 javelins
 C - a throwing net
 D - 3 curare-tipped darts
Armour
 c - a +1 buckler (worn)
 g - the +0 helmet of Gafi (worn) {-Cast rPois Will+ Slay+6}
   (You found it on level 2 of the Dungeon)

   Slay:      It affects your accuracy & damage with ranged weapons and melee
   (+6).
   rPois:     It protects you from poison.
   -Cast:     It prevents spellcasting.
   Will:      It increases your willpower.
 r - a +1 cloak (worn)
 v - a +0 plate armour
 A - a +0 pair of gloves (worn)
 H - the +2 pair of boots of Vlad (worn) {Slay+4}
   (You bought it in a shop on level 1 of the Orcish Mines)

   Slay:      It affects your accuracy & damage with ranged weapons and melee
   (+4).
 L - the +11 chain mail of Divine Intervention (worn) {+Blink}
   (You bought it in a shop on level 2 of the Orcish Mines)

   +Blink:    It lets you blink.
Jewellery
 s - an amulet of reflection (around neck)
 t - a ring of protection from cold (left hand)
 G - a ring of see invisible (right hand)
Wands
 i - a wand of mindburst (19)
 p - a wand of digging (11)
 x - a wand of acid (11)
 y - a wand of polymorph (4)
 I - a wand of flame (12)
 N - a wand of paralysis (2)
 R - a wand of iceblast (4)
Scrolls
 b - a scroll of silence
 d - 2 scrolls of fear
 e - 4 scrolls of teleportation
 h - a scroll of butterflies
 j - 3 scrolls of immolation
 k - 3 scrolls of enchant armour
 q - 3 scrolls of summoning
 B - 2 scrolls of amnesia
 J - a scroll of enchant weapon
 K - a scroll of torment
 O - a scroll of blinking
 Q - 2 scrolls of poison
Potions
 a - 2 potions of resistance {unknown}
 f - 9 potions of curing
 l - 2 potions of brilliance
 n - 2 potions of magic
 u - a potion of berserk rage
 z - a potion of flight
 M - a potion of heal wounds
 P - 3 potions of might
 S - 2 potions of mutation
 T - 2 potions of cancellation


   Skills:
 + Level 11.5 Fighting
 + Level 17.3(17.4) Axes
 + Level 1.8(9.7) Polearms
 + Level 4.7 Throwing
 * Level 14.4 Armour
 + Level 5.1 Dodging
 + Level 1.7 Stealth
 + Level 10.1 Shields
 * Level 11.0 Evocations


You had 13 spell levels left.
You didn't know any spells.
Your spell library contained the following spells:

 Spells                   Type           Power      Damage    Failure   Level
 Magic Dart               Conj           0%         1d3       88%         1
 Sting                    Tmut/Pois      0%         1d3       88%         1
 Call Imp                 Summ           0%         N/A       95%         2
 Poisonous Vapours        Pois/Air       0%         N/A       95%         2
 Static Discharge         Conj/Air       0%         3-3/arc   95%         2
 Confusing Touch          Hex            0%         N/A       99%         3
 Dazzling Flash           Conj/Hex       0%         N/A       99%         3
 Mephitic Cloud           Conj/Pois/Air  0%         N/A       99%         3
 Portal Projectile        Hex/Tloc       0%         N/A       99%         3
 Tukima's Dance           Hex            0%         N/A       99%         3
 Anguish                  Hex/Necr       0%         N/A       100%        4
 Dispel Undead            Necr           0%         3d6       100%        4
 Olgreb's Toxic Radiance  Pois           0%         N/A       100%        4
 Passage of Golubria      Tloc           0%         N/A       100%        4
 Sticky Flame             Conj/Fire      0%         2d3       100%        4
 Agony                    Necr           0%         N/A       100%        5
 Blade Hands              Tmut           0%         N/A       100%        5
 Freezing Cloud           Conj/Ice/Air   0%         6-21      100%        5
 Silence                  Hex/Air        0%         N/A       100%        5
 Yara's Violent Unravell  Hex/Tmut       0%         3d3       100%        5
 Enfeeble                 Hex            0%         N/A       100%        7
 Polar Vortex             Ice            0%         N/A       100%        9
 Simulacrum               Ice/Necr       Unusable   N/A       N/A         6

Dungeon Overview and Level Annotations

Branches:
Dungeon (13/15)            Temple (1/1) D:4            Lair (0/5) D:11
    Orc (2/2) D:9             Elf (0/3) Orc:2        Vaults (0/5) D:13
 Bailey (visited)

Altars:
Ashenzari
Cheibriados
Dithmenos
Elyvilon
Fedhas
Gozag
Hepliaklqana
Kikubaaqudgha
Makhleb
Nemelex Xobeh
Okawaru
Qazlal
Ru
Sif Muna
Trog
Uskayaw
Vehumet
Wu Jian
Xom
Yredelemnul
Zin
The Shining One

Shops:
D:1 :   D:2 [   D:4 [   D:8 :   D:9 ((   Orc:1 *   Orc:2 *?::*


Innate Abilities, Weirdness & Mutations

You have sharp fingernails.
You are partially covered in iridescent scales. (AC +2)
Your mind is acute. (Int +4, Str/Dex -1)
You are strong-willed. (Will+)


Message History

The fiery explosion engulfs you!!
The fiery explosion engulfs the human!!! x3
The human explodes!
The fiery explosion engulfs the human!!! x2
The human explodes!
The fiery explosion engulfs the human!!
Flame seeps out of the human.
The human is severely wounded.
The human explodes!
The fiery explosion engulfs you!!
The fiery explosion engulfs the human!
Flame seeps out of the human.
The human is moderately wounded.
The fiery explosion engulfs the human!!
The human explodes!
The fiery explosion engulfs the orc knight!!!
Flame seeps out of the orc knight.
The orc knight is heavily wounded.
The fiery explosion engulfs the human!!
The human explodes!
The fiery explosion engulfs the human!!
Flame seeps out of the human.
The human is heavily wounded.
The fiery explosion engulfs the human!!
Flame seeps out of the human.
The human is almost dead.
The fiery explosion engulfs you.
The human explodes!
The fiery explosion engulfs you!
The human explodes! x2
The fiery explosion engulfs the gargoyle!!
Flame seeps out of the gargoyle.
The gargoyle is almost destroyed.
The human explodes!
The fiery explosion engulfs the human!!
Flame seeps out of the human.
The human is almost dead.
The fiery explosion engulfs you!!
* * * LOW HITPOINT WARNING * * *
The fiery explosion engulfs the human!!
The human explodes!
The fiery explosion engulfs the human!!!
The fiery explosion engulfs the human!!
The fiery explosion engulfs you!!
You die...
Your body crumbles into a pile of gold.

.....$...# #
#......... .##
#.$$..$..###.$#
#....$........#
#..u..o§§$$..#
##...§§§§§§$..#
.$...§§§§§§$..#
#.$O§§@§§§x..#
#$$.§§§§§§...#
?$...§§§§§§.$$#
.$.$$9§§○§$.$.#
..$...$§○§$$$.#
.$..$..§§..$$$#
...########$$.#
W## $###


You could see an orc knight (inner flame), a brown ugly thing (inner flame), a
two-headed ogre (inner flame), an unseen horror shaped shifter (invisible), a
gargoyle (inner flame) and a shadow (wandering).

Vanquished Creatures
  A tentacled monstrosity (D:12)
  Nessos (D:13)
  The ghost of Jonnyslop the Basher, a journeyman GrFi of the Shining One (D:12)
  A boulder beetle (shapeshifter) (D:12)
  A hydra (D:12)
  4 ogre magi (Orc:2)
  19 two-headed ogres
  Urug (D:12)
  4 skeletal warriors (D:11)
  2 glowing orange brains (D:12)
  Pikel (D:6)
  A deep elf pyromancer (D:10)
  2 orc knights
  2 orc sorcerers (Orc:2)
  5 ugly things (D:12)
  A mana viper (shapeshifter) (D:12)
  A manticore (D:12)
  A cyclops (D:12)
  Maurice (D:9)
  3 unseen horrors
  6 kobold demonologists
  A komodo dragon (D:11)
  8 trolls
  A hornet (D:9)
  2 shadows
  A spriggan (D:11)
  3 wraiths (D:12)
  6 yaks (D:10)
  Eustachio (D:4)
  16 humans (D:13)
  2 steam dragons
  3 neqoxecs (D:12)
  5 wargs
  7 vampire mosquitoes (D:11)
  2 acid dragons (D:10)
  3 water moccasins
  3 black bears (D:5)
  18 orc warriors
  30 ogres
  3 centaurs
  A wolf (D:9)
  A lemure (D:6)
  A phantom (D:3)
  7 kobold brigands
  4 bullfrogs
  3 necrophages
  A scorpion (D:7)
  5 gnoll sergeants
  A scorpion (shapeshifter) (D:12)
  8 wights
  A killer bee (shapeshifter) (D:12)
  13 killer bees (D:8)
  An electric eel (D:12)
  2 howler monkeys (D:7)
  11 orc priests
  10 hounds
  4 jellies
  5 gnoll boudas
  2 iguanas
  11 orc wizards
  A gnoll (shapeshifter) (D:12)
  52 gnolls
  8 adders
  An adder (shapeshifter) (D:12)
  An ufetubus (D:4)
  4 worms
  5 dart slugs
  66 orcs
  11 ball pythons
  2 bats
  11 endoplasms
  4 giant cockroaches
  12 goblins
  9 hobgoblins
  A jackal (shapeshifter) (D:12)
  3 jackals
  A kobold (shapeshifter) (D:12)
  19 kobolds
  3 quokkas (D:2)
  A frilled lizard (D:1)
  4 rats
485 creatures vanquished.

Notes
Turn   | Place    | Note
-------+----------+-------------------------------------------
     0 | D:1      | Dorkslayer the Hill Orc Fighter began the quest for the
                  | Orb.
     0 | D:1      | Reached XP level 1. HP: 19/19 MP: 1/1
   125 | D:1      | Found Lyneit's Book Shop.
   183 | D:1      | Reached XP level 2. HP: 24/27 MP: 2/2
   237 | D:1      | Found a faded altar of an unknown god.
   697 | D:1      | Reached skill level 3 in Axes
   920 | D:2      | Reached XP level 3. HP: 33/33 MP: 3/3
  1144 | D:2      | Identified the +0 helmet of Gafi {-Cast rPois Will+ Slay+6}
  1236 | D:2      | Reached skill level 1 in Dodging
  1314 | D:2      | Found Wiecluat's Armour Emporium.
  1323 | D:2      | Reached XP level 4. HP: 40/40 MP: 4/4
  1484 | D:2      | Found a sacrificial altar of Ru.
  1535 | D:2      | Reached skill level 4 in Axes
  1992 | D:3      | Noticed a phantom
  2005 | D:3      | Killed a phantom
  2006 | D:3      | Reached skill level 5 in Axes
  2006 | D:3      | Reached XP level 5. HP: 38/47 MP: 5/5
  2168 | D:3      | Found a bloodstained altar of Trog.
  2376 | D:3      | You fall into a shaft and drop 2 floors!
  2376 | D:5      | Entered Level 5 of the Dungeon
  2384 | D:5      | Reached XP level 6. HP: 50/53 MP: 6/6
  2402 | D:4      | Noticed a black bear
  2408 | D:5      | Reached skill level 1 in Evocations
  2416 | D:4      | Noticed Eustachio
  2442 | D:5      | Killed a black bear
  2624 | D:5      | Noticed a black bear
  2626 | D:5      | Reached skill level 6 in Axes
  2626 | D:5      | Reached XP level 7. HP: 59/60 MP: 7/7
  2718 | D:4      | Killed Eustachio
  2719 | D:4      | Reached skill level 5 in Fighting
  2719 | D:4      | Reached skill level 7 in Axes
  3019 | D:4      | Found a staircase to the Ecumenical Temple.
  3032 | Temple   | Entered the Ecumenical Temple
  3090 | Temple   | Became a worshipper of Gozag Ym Sagoz the Greedy
  3118 | D:4      | Found Jusoatit's Armour Emporium.
  3124 | D:4      | Bought a +0 pair of boots for 45 gold pieces
  3167 | D:4      | Reached XP level 8. HP: 46/68 MP: 8/8
  3538 | D:5      | Reached skill level 8 in Axes
  3675 | D:5      | Reached skill level 5 in Armour
  4434 | D:6      | Reached skill level 9 in Axes
  4437 | D:6      | Reached XP level 9. HP: 69/74 MP: 9/9
  4446 | D:6      | Reached skill level 1 in Throwing
  4457 | D:6      | Noticed Pikel
  4465 | D:6      | Killed Pikel
  4466 | D:6      | Reached skill level 5 in Shields
  4555 | D:6      | Found a glowing golden altar of the Shining One.
  4621 | D:6      | Reached skill level 5 in Evocations
  4871 | D:6      | Reached skill level 10 in Axes
  5239 | D:7      | Found a basalt altar of Yredelemnul.
  5248 | D:7      | Found a stormy altar of Qazlal.
  5255 | D:7      | Found a radiant altar of Vehumet.
  5537 | D:8      | Reached XP level 10. HP: 74/84 MP: 10/10
  5578 | D:8      | Reached skill level 11 in Axes
  5910 | D:8      | Found Poonuunt's Book Boutique.
  6465 | D:9      | Found Oqysch's Antique Weapon Emporium.
  6481 | D:9      | Found Velimp's Antique Weapon Emporium.
  6481 | D:9      | Noticed Maurice
  6506 | D:9      | Found a flagged portal.
  6513 | Bailey   | Entered a bailey
  7447 | Bailey   | Reached skill level 12 in Axes
  7447 | Bailey   | Reached XP level 11. HP: 94/94 MP: 11/11
  7448 | Bailey   | Noticed an orc knight
  7461 | Bailey   | Killed an orc knight
  7539 | D:9      | Killed Maurice
  7628 | D:9      | Found a staircase to the Orcish Mines.
  7753 | D:9      | Gained mutation: Armour fits poorly on your strangely
                  | shaped body. [potion of mutation]
  7753 | D:9      | Gained mutation: You sometimes lose your temper in combat.
                  | [potion of mutation]
  7754 | D:9      | Lost mutation: You sometimes lose your temper in combat.
                  | [potion of mutation]
  7754 | D:9      | Lost mutation: Armour fits poorly on your strangely shaped
                  | body. [potion of mutation]
  7754 | D:9      | Gained mutation: You are dopey. (Int -2) [potion of
                  | mutation]
  7754 | D:9      | Gained mutation: Armour fits poorly on your strangely
                  | shaped body. [potion of mutation]
  7754 | D:9      | Gained mutation: Potions are less effective at restoring
                  | your health. [potion of mutation]
  7755 | D:9      | Lost mutation: You are dopey. (Int -2) [potion of mutation]
  7755 | D:9      | Lost mutation: Potions are less effective at restoring your
                  | health. [potion of mutation]
  7755 | D:9      | Lost mutation: Armour fits poorly on your strangely shaped
                  | body. [potion of mutation]
  7755 | D:9      | Gained mutation: You are partially covered in iridescent
                  | scales. (AC +2) [potion of mutation]
  7755 | D:9      | Gained mutation: You have sharp fingernails. [potion of
                  | mutation]
  7755 | D:9      | Gained mutation: Your mind is acute. (Int +4, Str/Dex -1)
                  | [potion of mutation]
  7755 | D:9      | Gained mutation: You are strong-willed. (Will+) [potion of
                  | mutation]
  8238 | D:9      | Found a hazy altar of Hepliaklqana.
  8310 | D:9      | Bought a slimy broad axe for 243 gold pieces
  8310 | D:9      | Identified the +7 broad axe of Bloody Death {venom, *Noise
                  | rN+ Int+2} (You bought it in a shop on level 9 of the
                  | Dungeon)
  8365 | Orc:1    | Entered Level 1 of the Orcish Mines
  8365 | Orc:1    | Noticed an orc knight
  8432 | Orc:1    | Reached skill level 13 in Axes
  8432 | Orc:1    | Reached XP level 12. HP: 94/103 MP: 12/12
  8911 | Orc:1    | Found Acaweup's Assorted Antiques.
  8919 | Orc:1    | Bought a knobbly sapphire ring for 140 gold pieces
  8919 | Orc:1    | Bought a pair of faintly humming boots for 266 gold pieces
  8919 | Orc:1    | Identified the +2 pair of boots of Vlad {Slay+4} (You
                  | bought it in a shop on level 1 of the Orcish Mines)
  8919 | Orc:1    | Bought a scroll of identify for 56 gold pieces
  9148 | Orc:2    | Entered Level 2 of the Orcish Mines
  9311 | Orc:2    | Noticed a two-headed ogre
  9311 | Orc:2    | Noticed a two-headed ogre
  9312 | Orc:2    | Noticed a two-headed ogre
  9316 | Orc:2    | Noticed a two-headed ogre
  9319 | Orc:2    | Killed a two-headed ogre
  9320 | Orc:2    | Reached skill level 10 in Armour
  9329 | Orc:2    | Killed a two-headed ogre
  9336 | Orc:2    | Noticed a two-headed ogre
  9337 | Orc:2    | Killed a two-headed ogre
  9337 | Orc:2    | Noticed a two-headed ogre
  9348 | Orc:2    | Killed a two-headed ogre
  9349 | Orc:2    | Reached skill level 14 in Axes
  9687 | Orc:2    | Killed a two-headed ogre
  9852 | Orc:2    | Noticed an ogre mage
  9859 | Orc:2    | Killed an ogre mage
  9876 | Orc:2    | Noticed a two-headed ogre
  9884 | Orc:2    | Noticed a two-headed ogre
  9908 | Orc:2    | Killed a two-headed ogre
  9914 | Orc:2    | Noticed an ogre mage
  9921 | Orc:2    | Killed an ogre mage
 10174 | Orc:2    | Noticed a two-headed ogre
 10184 | Orc:2    | Killed a two-headed ogre
 10234 | Orc:2    | Noticed an ogre mage
 10244 | Orc:2    | Killed an ogre mage
 10245 | Orc:2    | Reached XP level 13. HP: 112/112 MP: 13/13
 10298 | Orc:2    | Reached skill level 15 in Axes
 10300 | Orc:2    | Reached skill level 10 in Fighting
 10723 | Orc:2    | Found Atwa's Assorted Antiques.
 10723 | Orc:2    | Found Nurokiaw's Book Emporium.
 10746 | Orc:2    | Found Xaebowk's Magic Scroll Emporium.
 10746 | Orc:2    | Found Hazurum's Book Shop.
 10765 | Orc:2    | Bought a scroll of brand weapon for 161 gold pieces
 10765 | Orc:2    | Bought a scroll of enchant weapon for 127 gold pieces
 10765 | Orc:2    | Bought a scroll of identify for 34 gold pieces
 10765 | Orc:2    | Bought a scroll of immolation for 68 gold pieces
 10765 | Orc:2    | Bought a scroll of enchant armour for 127 gold pieces
 10765 | Orc:2    | Bought a scroll of identify for 34 gold pieces
 10765 | Orc:2    | Bought a scroll of torment for 161 gold pieces
 10766 | Orc:2    | Bought a glimmering chain mail for 266 gold pieces
 10766 | Orc:2    | Identified the +11 chain mail of Divine Intervention
                  | {+Blink} (You bought it in a shop on level 2 of the Orcish
                  | Mines)
 10766 | Orc:2    | Bought a scroll labelled KEITAG MIGO for 28 gold pieces
 10766 | Orc:2    | Bought a potion of heal wounds for 140 gold pieces
 10766 | Orc:2    | Bought a potion of curing for 84 gold pieces
 10766 | Orc:2    | Bought a scroll of enchant armour for 210 gold pieces
 10809 | Orc:2    | Reached skill level 1 in Stealth
 10821 | Orc:2    | Found a staircase to the Elven Halls.
 10824 | Orc:2    | Found Ularebli's Assorted Antiques.
 10840 | Orc:2    | Bought a bronze wand for 128 gold pieces
 10840 | Orc:2    | Bought a forked brass wand for 128 gold pieces
 10840 | Orc:2    | Bought a potion of curing for 96 gold pieces
 10840 | Orc:2    | Bought a scroll of identify for 64 gold pieces
 11483 | Orc:2    | Bought a pitted trident for 272 gold pieces
 11483 | Orc:2    | Identified the +5 trident of the Water Diviner {pain,
                  | Str+2} (You bought it in a shop on level 2 of the Orcish
                  | Mines)
 11515 | Orc:2    | Bought a scroll of summoning for 161 gold pieces
 11603 | D:10     | Entered Level 10 of the Dungeon
 11733 | D:10     | Reached skill level 10 in Evocations
 11855 | D:10     | Reached skill level 16 in Axes
 12088 | D:10     | Found a broken altar of Ashenzari.
 12088 | D:10     | Found an ancient bone altar of Kikubaaqudgha.
 12433 | D:11     | Reached skill level 5 in Dodging
 12483 | D:11     | Found the +12 pair of quick blades "Gyre" and "Gimble"
                  | {protect}
 12513 | D:11     | Reached XP level 14. HP: 122/122 MP: 14/14
 12758 | D:11     | Found a staircase to the Lair.
 13394 | D:12     | Noticed Urug
 13402 | D:12     | Killed Urug
 13403 | D:12     | Reached skill level 1 in Polearms
 13599 | D:12     | Found a runed translucent gate.
 13599 | D:12     | Found a runed translucent gate.
 13599 | D:12     | Found a runed translucent gate.
 13882 | D:12     | Reached skill level 17 in Axes
 13884 | D:12     | Reached skill level 10 in Shields
 14005 | D:12     | Found a runed translucent gate.
 14005 | D:12     | Found a runed translucent gate.
 14006 | D:12     | Noticed Jonnyslop's ghost (journeyman GrFi)
 14009 | D:12     | Noticed a tentacled monstrosity
 14017 | D:12     | Found a runed translucent gate.
 14034 | D:12     | Killed Jonnyslop's ghost
 14039 | D:12     | Killed a tentacled monstrosity
 14205 | D:13     | Noticed Nessos
 14205 | D:13     | Found a gate to the Vaults.
 14207 | D:13     | Killed Nessos
 14207 | D:13     | Killed by an exploding human... ignited by their inner
                  | flame

Illustrated notes

Levels and vault maps discovered:
D:1:      roderic_crossed_star, layout_loops_corners, serial_shops, shop,
          ebering_ecumenical_altar_rust
D:2:      layout_basic, basic_altar, serial_shops, shop,
          chequers_serial_rivers_large_b, nrook_mini_vaults,
          chequers_decorated_corner, dk_noncrumbling_4, minmay_octomino_j4
D:3:      layout_basic, lemuel_doored_altar, chequers_serial_rivers_room_a,
          guppyfry_early_orc_mine
D:4:      layout_rooms, minmay_temple_entry_offerings, serial_shops,
          kennysheep_mini, uniq_eustachio
D:5:      layout_cave_pools
D:6:      layout_rooms, nicolae_overflow_crystal_walls, uniq_pikel
D:7:      layout_basic, grunt_temple_overflow_diamond
D:8:      layout_loops_ring, serial_shops, nicolae_diamond_shop
D:9:      layout_cave_pools, kennysheep_little_box, minmay_orc_entry_guard_dogs,
          serial_gnoll_camp, gnoll_camp_mini_loothouse, gnoll_camp_huts_basic,
          gnoll_camp_mini_shop, gnoll_camp_mini_shop, gnoll_camp_mini_hut,
          enter_bailey_4, uniq_maurice
D:10:     layout_roguey [special_room_orc], gammafunk_temple_overflow_elements,
          roderic_cross_of_infinity, minivault_27, minmay_microvault
D:11:     layout_rooms, lair_entry_dummy,
          hellmonk_guarded_unrand_gyre_and_gimble
D:12:     layout_basic, ploomutoo_gammafunk_ghost_potion_laboratory, uniq_urug
D:13:     layout_rooms, david_vaults_3, serial_shops, nicolae_shop_trees,
          gauntlet_entry_generic, kennysheep_generic_room_7
Temple:   eino_temple_water
Orc:1:    layout_caves, serial_shops, shop
Orc:2:    st_orc_ogre_mass, layout_diamond_mine, serial_shops, shop

Skill      XL: |  1  2  3  4  5  6  7  8  9 10 11 12 13 14 |
---------------+-------------------------------------------+-----
Axes           | 3 5 6 7 9 10 12 13 14 16 17 | 17.3
Fighting       | 4 5 6 8 9 10 11 | 11.5
Dodging        | 1 2 3 4 5 |  5.1
Armour         | 4 5 6 7 8 11 13 14 | 14.4
Evocations     | 1 2 4 5 8 9 10 11 | 11.0
Shields        | 4 5 7 8 9 10 | 10.1
Throwing       | 2 4 |  4.7
Stealth        | 1 |  1.7
Polearms       | 1 |  1.8

Action                   |  1- 3 |  4- 6 |  7- 9 | 10-12 | 13-15 || total
-------------------------+-------+-------+-------+-------+-------++-------
Melee: War axe           |    90 |    87 |   168 |   196 |       ||   541
       Broad axe         |       |       |       |   130 |   251 ||   381
       Spear             |       |       |       |       |     6 ||     6
Throw: Boomerang         |       |       |    27 |    19 |    14 ||    60
       Dart              |       |       |       |     1 |       ||     1
Evoke: Wand              |       |       |     3 |     7 |     4 ||    14
  Use: Scroll            |     2 |     5 |    11 |     5 |     9 ||    32
       Potion            |       |       |     2 |     7 |       ||     9
 Stab: Distracted        |       |       |       |       |     3 ||     3
Armor: Scale mail        |    37 |     2 |       |       |       ||    39
       Chain mail        |       |    52 |    79 |   121 |   124 ||   376
Dodge: Dodged            |    44 |    25 |    63 |   127 |    64 ||   323
Block: Buckler           |    20 |    36 |    99 |   233 |   123 ||   511
       Reflection        |       |       |     3 |    42 |     9 ||    54
